 Dungeon Crawl Stone Soup version 0.26-b1-45-g23770d1d51 (webtiles) character file.

Game seed: 16766960182134732614

965 DocSulfur the Ruffian (level 7, 59/59 HPs)
             Began as a White Draconian Transmuter on Jan 6, 2021.
             Quit the game in an ossuary.
             The game lasted 00:08:06 (4671 turns).

DocSulfur the Ruffian (White Draconian Transmuter)  Turns: 4671, Time: 00:08:06

Health: 59/59      AC:  8    Str: 15    XL:     7   Next: 93%
Magic:  12/12      EV: 27    Int: 13    God:
Gold:   278        SH:  0    Dex: 11    Spells: 10/13 levels left

rFire    . . .     SeeInvis .     - Unarmed
rCold    + . .     Faith    .   (no shield)
rNeg     . . .     Spirit   .   (armour unavailable)
rPois    .         Reflect  .   (helmet restricted)
rElec    .         Harm     .   (no cloak)
rCorr    .         Rampage  .   k - +0 pair of gloves
Will     .....                  n - +0 pair of boots
Stlth    +.........             l - amulet of the acrobat
HPRegen  0.19/turn              (no ring)
MPRegen  0.13/turn              (no ring)

@: brilliant, berserk cooldown, acrobat, slowed, very slow
A: breathe frost, unfitting armour, cold resistance 1, cold-blooded, AC +6
a: Breathe Frost


You were in an ossuary.
You visited 1 branch of the dungeon, and saw 4 of its levels.
You also visited: Ossuary.

You collected 278 gold pieces.

Inventory:

Missiles
 b - 33 poisoned darts (quivered)
 i - 120 stones
 m - 39 bolts
 q - 19 arrows
Armour
 k - a +0 pair of gloves (worn)
 n - a +0 pair of boots (worn)
Jewellery
 l - an amulet of the acrobat (around neck)
Wands
 s - a wand of polymorph (20)
Scrolls
 d - 3 scrolls of amnesia
 e - 2 scrolls of blinking
 f - 2 scrolls of remove curse
 g - 4 scrolls of identify
 j - 2 scrolls of magic mapping
 p - a scroll of fear
Potions
 a - 2 potions of flight
 c - 2 potions of might
 h - 2 potions of heal wounds
 o - 4 potions of curing
 r - a potion of brilliance


   Skills:
 + Level 4.0 Fighting
 - Level 1.7 Dodging
 * Level 6.1 Unarmed Combat
 + Level 3.8 Spellcasting
 * Level 5.5 Transmutations


You had 10 spell levels left.
You knew the following spells:

 Your Spells              Type           Power        Failure   Level
a - Beastly Appendage     Tmut           50%          2%          1
b - Wereblood             Tmut           25%          3%          2

Your spell library contained the following spells:

 Spells                   Type           Power        Failure   Level
 Spider Form              Tmut/Pois      7%           21%         3
 Blade Hands              Tmut           12%          52%         5
 Ice Form                 Ice/Tmut       14%          56%         4


Dungeon Overview and Level Annotations

Branches:
Dungeon (4/15)            Ossuary (1/1)
 Temple: D:4-7

Altars:


Innate Abilities, Weirdness & Mutations

You can breathe waves of freezing cold.
You can buffet flying creatures when you breathe cold.
Your icy white scales are hard. (AC +6)
You cannot fit into any form of body armour.
Your flesh is cold resistant. (rC+)
You are cold-blooded and may be slowed by cold attacks.


Message History

The flying skull gives a hideous shriek!
The flying skull gives a hideous shriek!
It was a potion of berserk rage.
A red film seems to cover your vision as you go berserk!
You feel yourself moving faster!
You feel mighty!
You are too berserk!
You feel a strong urge to attack something.
You feel your anger nearly subside.
You are no longer berserk.
You are exhausted.
You feel yourself slow down.
It was a potion of brilliance.
You feel clever all of a sudden.
Okay, then.
As you read the scroll labelled FOBUSE RUHIHOE, it crumbles to dust.
You feel strangely unstable.
It was a scroll of teleportation.
Your surroundings suddenly seem different.
There is an open door here.
Okay, then.
Are you sure you want to abandon this character and quit the game? (Confirm with "yes".)

....## ##..#..........#
.....###.#............#
∩...#...###..........##
...###### #.#.......##
.### ####.....## ##
##...## # ###'###
#.'.).# ###@### #.).'.#
###.### #.'.'.# ###.###
#.'.'.# ###.### #.'.'.#
###.###


There were no monsters in sight!

Vanquished Creatures
  Sigmund (D:3)
  2 wraiths (Ossuary)
  A sky beast (D:3)
  4 wights (Ossuary)
  An orc priest (D:3)
  Jessica (D:2)
  A worker ant (D:4)
  3 gnolls (D:3)
  4 adders
  An ufetubus (D:4)
  An ooze (D:2)
  An adder zombie (Ossuary)
  4 worms (D:2)
  2 dart slugs (D:1)
  4 orcs (D:3)
  6 bats
  2 giant cockroaches
  5 goblins
  7 hobgoblins (D:1)
  8 jackals (D:3)
  2 quokkas (D:3)
  2 ball pythons (D:1)
  A ball python skeleton (Ossuary)
  6 frilled lizards
  A hobgoblin skeleton (Ossuary)
  A hobgoblin zombie (Ossuary)
  5 kobolds
  An orc skeleton (Ossuary)
  3 orc zombies (Ossuary)
  6 rats
87 creatures vanquished.

Vanquished Creatures (others)
  32 plants (D:2)
32 creatures vanquished.

Grand Total: 119 creatures vanquished

Notes
Turn   | Place    | Note
-------+----------+-------------------------------------------
     0 | D:1      | DocSulfur the Draconian Transmuter began the quest for the
                  | Orb.
     0 | D:1      | Reached XP level 1. HP: 16/16 MP: 3/3
   243 | D:1      | Reached XP level 2. HP: 21/23 MP: 3/5
  1211 | D:1      | Reached XP level 3. HP: 29/29 MP: 4/6
  1627 | D:2      | Noticed Jessica
  1641 | D:2      | Killed Jessica
  1642 | D:2      | Reached XP level 4. HP: 25/36 MP: 7/7
  2148 | D:2      | Reached skill level 4 in Unarmed Combat
  2668 | D:3      | Learned a level 2 spell: Wereblood
  2679 | D:3      | Noticed Sigmund
  2692 | D:3      | Killed Sigmund
  2693 | D:3      | Reached XP level 5. HP: 22/44 MP: 3/9
  2693 | D:3      | Reached XP level 6. HP: 25/50 MP: 3/10
  2951 | D:3      | Noticed a sky beast
  2969 | D:3      | Killed a sky beast
  3274 | D:3      | Reached skill level 5 in Unarmed Combat
  3949 | D:4      | Found a sand-covered staircase.
  3963 | Ossuary  | Entered an ossuary
  4022 | Ossuary  | Your scales start taking on an icy white colour.
  4022 | Ossuary  | Reached XP level 7. HP: 27/56 MP: 9/11
  4022 | Ossuary  | Gained mutation: Your flesh is cold resistant. (rC+) [White
                  | Draconian growth]
  4106 | Ossuary  | Noticed a wraith
  4106 | Ossuary  | Noticed a flying skull
  4132 | Ossuary  | Noticed a flying skull
  4140 | Ossuary  | Noticed a wraith
  4154 | Ossuary  | Killed a wraith
  4155 | Ossuary  | Reached skill level 5 in Transmutations
  4162 | Ossuary  | Noticed a flying skull
  4336 | Ossuary  | Noticed a flying skull
  4342 | Ossuary  | Noticed a wraith
  4364 | Ossuary  | Killed a wraith
  4365 | Ossuary  | Reached skill level 6 in Unarmed Combat
  4505 | Ossuary  | Noticed a flying skull
  4671 | Ossuary  | Quit the game

Illustrated notes

Levels and vault maps discovered:
D:1:      shiori_arrival_maze, layout_rooms, serial_aquarium,
          aquarium_bridge_island_small [aquarium_subvault_small_water,
          aquarium_subvault_window, aquarium_subvault_window,
          aquarium_subvault_wall, aquarium_subvault_bridge],
          aquarium_window_fake, aquarium_window_fake, aquarium_window_3,
          aquarium_window_fake, aquarium_view_2d, aquarium_view_2e,
          aquarium_pool_2, st_stairs_4
D:2:      layout_loops_ring, serial_bayou_lake_a, uniq_jessica
D:3:      layout_loops_ring, uniq_sigmund
D:4:      layout_cave_pools, gammafunk_ghost_split,
          lightli_ossuary_entry_decrepit_ruins
Ossuary:  ossuary_due_cavern

Skill      XL: |  1  2  3  4  5  6  7 |
---------------+----------------------+-----
Fighting       | 2 3 4 |  4.0
Transmutations | 3 4 5 |  5.5
Unarmed Combat | 4 5 6 |  6.1
Spellcasting   | 3 |  3.8
Dodging        | |  1.7

Action                   |  1- 3 |  4- 6 |  7- 9 || total
-------------------------+-------+-------+-------++-------
Melee: Unarmed           |   107 |   148 |    60 ||   315
       Tailslap          |     9 |    16 |     7 ||    32
       Kick              |    10 |    21 |    15 ||    46
       Headbutt          |     4 |    13 |    16 ||    33
       Punch             |     1 |     2 |       ||     3
Throw: Dart              |       |     7 |       ||     7
 Cast: Beastly Appendage |    18 |    16 |    10 ||    44
       Wereblood         |       |     4 |       ||     4
  Use: Potion            |       |     3 |     5 ||     8
       Scroll            |       |     6 |     1 ||     7
 Stab: Sleeping          |     1 |     1 |       ||     2
Armor: Skin              |    37 |    69 |    10 ||   116
Dodge: Dodged            |   111 |   100 |    34 ||   245
